 Dungeon Crawl Stone Soup version 0.17-a0-1519-g2001520 (webtiles) character file.

144 orochimarko the Magician (level 5, -3/38 HPs)
             Began as a Mummy Wizard on June 26, 2015.
             Was a Follower of Dithmenos.
             Slain by amnekian's ghost (11 damage)
             ... on level 4 of the Dungeon on July 13, 2015.
             The game lasted 01:29:20 (7924 turns).

orochimarko the Magician (Mummy Wizard)             Turns: 7924, Time: 01:29:20

Health: -3/38      AC:  4    Str: 10    XL:     5   Next: 5%
Magic:  5/11       EV: 12    Int: 18    God:    Dithmenos [*.....]
Gold:   158        SH:  0    Dex: 11    Spells: 5 memorised, 1 level left

rFire  . . .     SeeInvis .     g - +0 dagger
rCold  . . .     Clarity  .     v - +0 robe
rNeg   + + +     SustAt   +     (no shield)
rPois  ∞         Gourm    .     b - +1 hat
rElec  .         Spirit   .     x - +0 cloak
rCorr  .         Warding  .     (no gloves)
rMut   .         Stasis   .     (no boots)
MR     .....                    (no amulet)
Stlth  ++........               e - ring of fire
                                f - ring of sustain attributes

@: very slightly contaminated, wreathed by umbra, not resistant to hostile
enchantments, unstealthy
A: no food or potions, fire vulnerability, cold resistance 1, negative energy
resistance 3, torment resistance, unbreathing
a: Renounce Religion


You were on level 4 of the Dungeon.
You worshipped Dithmenos.
Dithmenos was aware of your devotion.
You were not hungry.

You visited 1 branch of the dungeon, and saw 4 of its levels.

You collected 158 gold pieces.

Inventory:

Hand weapons
 g - a +0 dagger (weapon)
 p - a +0 antimagic dagger
Missiles
 l - 59 stones (quivered)
 q - 36 arrows
 r - 33 bolts
 s - 67 sling bullets
 t - 10 poisoned needles
Armour
 a - a +0 robe
 b - a +1 hat (worn)
 u - a cursed +0 leather armour
 v - a +0 robe (worn)
 x - a +0 cloak (worn)
Jewellery
 e - a ring of fire (right hand)
 f - a ring of sustain attributes (left hand)
Scrolls
 d - 3 scrolls of teleportation {unknown}
 h - 2 scrolls of random uselessness {unknown}
 i - a scroll of enchant armour
 k - 3 scrolls of identify
 m - 2 scrolls of magic mapping {unknown}
 n - 2 scrolls of blinking {unknown}
 o - 5 scrolls of remove curse
 w - 2 scrolls of recharging {unknown}
Books
 c - a book of Minor Magic

   Spells                             Type                      Level
   a - Magic Dart                     Conjuration                  1
   b - Blink                          Translocation                2
   c - Call Imp                       Summoning                    2
   d - Repel Missiles                 Charms/Air                   2
   e - Slow                           Hexes                        2
   f - Conjure Flame                  Conjuration/Fire             3
   g - Mephitic Cloud                 Conjuration/Poison/Air       3


   Skills:
 * Level 2.2 Fighting
 - Level 1.5 Dodging
 - Level 1.5 Stealth
 + Level 4.2 Spellcasting
 + Level 2.1 Conjurations
 - Level 0.7 Summonings
   Level 0.7 Translocations


You had one spell level left.
You knew the following spells:

 Your Spells              Type           Power        Failure   Level  Hunger
a - Magic Dart            Conj           ##..         8%          1    N/A
b - Slow                  Hex            #.......     21%         2    N/A
c - Call Imp              Summ           #.......     17%         2    N/A
d - Conjure Flame         Conj/Fire      ##......     30%         3    N/A
e - Mephitic Cloud        Conj/Pois/Air  #.......     34%         3    N/A

Dungeon Overview and Level Annotations

Branches:
Dungeon (4/15)
 Temple: D:4-7

Altars:
Dithmenos
Gozag
Kikubaaqudgha
The Shining One

Annotations:
D:4 amnekian's ghost, average HuFi


Innate Abilities, Weirdness & Mutations

You do not eat or drink.
Your flesh is vulnerable to fire.
You are immune to poison.
Your flesh is cold resistant.
You are immune to negative energy.
You are immune to unholy pain and torment.
You can survive without breathing.


Message History

You miscast Call Imp.
You are very lightly contaminated with residual magic.
Your brain hurts!
Your white imp gestures at amnekian's ghost.
The puff of frost hits amnekian's ghost.
Amnekian's ghost hits you!
Casting: Call Imp
Confirm with . or Enter, or press ? or * to list all spells.
A beastly little devil appears in a puff of frigid air.
Amnekian's ghost hits you.
Your white imp hits amnekian's ghost.
Your white imp freezes amnekian's ghost.
Amnekian's ghost hits you!
* * * LOW HITPOINT WARNING * * *
Your white imp hits amnekian's ghost but does no damage.
Your white imp gestures at amnekian's ghost.
The puff of frost hits amnekian's ghost.
Amnekian's ghost appears unharmed.
Your white imp closely misses amnekian's ghost.
Amnekian's ghost hits you!
You die...

#W# #.# #W# #.# ########
#)# #......# #.# #......#
##(####......#########
#.............5......#
#............@W......###
#......#.............'.#
####.....#######..5[....#.#
...........# #.%......#.#
####.....#.# ##########.#
#######.# #.# #.# #.# #.#
###.# #.# #...#


You could see amnekian's ghost and 2 friendly white imps.

Vanquished Creatures
  4 adders
  2 oozes
  A worm (D:2)
  3 giant geckos
  4 hobgoblins
  A ball python (D:2)
  11 bats
  4 giant cockroaches
  5 giant newts
  8 goblins
  A jackal (D:3)
  5 kobolds
  2 quokkas
  10 rats
61 creatures vanquished.

Vanquished Creatures (collateral kills)
  A gnoll (D:1)
  4 adders
  An orc (D:3)
  2 bats
  2 goblins
  2 hobgoblins (D:2)
  2 jackals (D:3)
  A kobold (D:1)
  A rat (D:1)
16 creatures vanquished.

Grand Total: 77 creatures vanquished

Notes
Turn   | Place    | Note
--------------------------------------------------------------
     0 | D:1      | orochimarko the Mummy Wizard began the quest for the Orb.
     0 | D:1      | Reached XP level 1. HP: 13/13 MP: 4/4
   583 | D:1      | Reached skill level 1 in Fighting
   647 | D:1      | Reached XP level 2. HP: 19/21 MP: 1/6
   794 | D:1      | Learned a level 2 spell: Slow
   797 | D:1      | Learned a level 2 spell: Call Imp
   842 | D:1      | Reached skill level 1 in Conjurations
  1214 | D:1      | Upgraded the game from 0.17-a0-1435-geafbe2f to 0.17-a0-1479-g4041c36
  1599 | D:1      | Reached XP level 3. HP: 24/26 MP: 1/8
  1611 | D:1      | Learned a level 3 spell: Conjure Flame
  3000 | D:2      | Reached XP level 4. HP: 23/33 MP: 0/9
  3096 | D:2      | Upgraded the game from 0.17-a0-1479-g4041c36 to 0.17-a0-1497-g03599f7
  3970 | D:2      | Upgraded the game from 0.17-a0-1497-g03599f7 to 0.17-a0-1508-ge7f3dc3
  4046 | D:2      | Found a faded altar to an unknown god.
  4083 | D:2      | Became a worshipper of Dithmenos the Shadowed
  4368 | D:3      | Found an opulent altar of Gozag.
  4391 | D:3      | Found an ancient bone altar of Kikubaaqudgha.
  4422 | D:3      | Reached skill level 4 in Spellcasting
  4517 | D:3      | Upgraded the game from 0.17-a0-1508-ge7f3dc3 to 0.17-a0-1519-g2001520
  4739 | D:3      | Learned a level 3 spell: Mephitic Cloud
  4846 | D:3      | Found a glowing golden altar of the Shining One.
  5507 | D:4      | Reached XP level 5. HP: 36/38 MP: 4/11
  5874 | D:4      | Noticed amnekian's ghost (average HuFi)
  7384 | D:4      | HP: 1/38 [amnekian's ghost (13)]
  7924 | D:4      | Slain by amnekian's ghost

Vault maps used:
D:1:      dpeg_arrival_ratfight
D:2:      ecumenical_altar_2
D:3:      lemuel_round_altar, nicolae_overflow_hidden_temple,
          lemuel_doored_altar
D:4:      serial_shops, shop, first_bread, hangedman_decor_opposing

Action                   |  1- 3 |  4- 6 || total
-------------------------+-------+-------++-------
Melee: Unarmed           |     6 |       ||     6
       Dagger            |     8 |    17 ||    25
Throw: Stone             |     7 |     1 ||     8
       Tomahawk          |     6 |     3 ||     9
 Cast: Magic Dart        |    81 |    99 ||   180
       Call Imp          |    15 |    28 ||    43
       Slow              |     1 |       ||     1
       Conjure Flame     |     5 |     1 ||     6
       Mephitic Cloud    |       |     1 ||     1
  Use: Scroll            |     3 |     2 ||     5
